 Dungeon Crawl Stone Soup version 0.29.1-14-g9c671dbff4 (webtiles) character file.

Game seed: 1393474730818183778

214 promet the Trooper (level 5, 0/43 HPs)
             Began as a Vine Stalker Fighter on Feb 16, 2023.
             Succumbed to an adder's poison
             ... in a sewer.
             The game lasted 00:18:27 (3453 turns).

promet the Trooper (Vine Stalker Fighter)           Turns: 3453, Time: 00:18:28

Health: 0/43       AC: 22    Str: 19    XL:     5   Next: 92%
Magic:  0/6        EV: -1    Int:  8    God:
Gold:   123        SH:  5    Dex: 15    Spells: 4/4 levels left

rFire   . . .      SeeInvis .   a - +1 long sword (freeze)
rCold   . . .      Faith    .   c - +0 buckler
rNeg    . . .      Spirit   +   (body armour currently unavailable)
rPois   +          Reflect  .   (helmet currently unavailable)
rElec   .          Harm     .   (cloak currently unavailable)
rCorr   .          Rampage  .   (gloves currently unavailable)
Will    .....      NoTele   +   (boots currently unavailable)
Stlth   +.........              (no amulet)
HPRegen 0.94/turn               (no ring)
MPRegen 0.10/turn               (no ring)

@: lethally poisoned (0 -> -3), tree-form, constricted, very slow
A: stationary, stasis, torment immunity, boosted hp, (fangs 2), regeneration 1,
magic shield, (antimagic bite), no potion heal 2
a: no special abilities


You were in a sewer.
You were a tree.
You visited 1 branch of the dungeon, and saw 3 of its levels.
You also visited: Sewer.

You collected 123 gold pieces.

Inventory:

Hand Weapons
 a - a +1 long sword of freezing (weapon)
 j - a +0 spear
 m - a +3 dagger
 r - a +0 flail
Missiles
 e - 15 stones
 s - 2 boomerangs (quivered)
Armour
 b - a +0 scale mail (melded)
 c - a +0 buckler (worn)
 n - a +0 helmet (melded)
Magical Staves
 p - a staff of air
Wands
 h - a wand of digging (5)
Scrolls
 q - a scroll of poison
Potions
 f - a potion of magic


   Skills:
 * Level 4.3 Fighting
 + Level 2.8 Long Blades
 + Level 3.1 Armour
 + Level 3.4 Shields


You had 4 spell levels left.
You didn't know any spells.
Your spell library was empty.

Dungeon Overview and Level Annotations

Branches:
Dungeon (3/15)              Sewer (1/1)

Altars:

Annotations:
D:2 1 runed translucent door, Crazy Yiuf
D:3 Sigmund


Innate Abilities, Weirdness & Mutations

You are a tree.
Your roots penetrate the ground, keeping you stationary.
You cannot be teleported.
You are immune to unholy pain and torment.
Your maximum health is greatly increased.
Your equipment is partially melded.
((You have extremely sharp teeth.))
Your natural rate of healing is unusually fast.
When hurt, damage is shared between your health and your magic reserves.
((Your bite disrupts and absorbs the magic of your enemies.))
Potions cannot restore your health.


Message History

The ball python constricts you. The adder bites you but does no damage.
The bullfrog hits you but does no damage.
The adder bites you.
* * * LOW HITPOINT WARNING * * *
Your butterfly looks even sicker.
The ball python bites you but does no damage.
The adder bites you.
* * * LOW HITPOINT WARNING * * *
You are poisoned.
The adder poisons you!
It was a potion of lignification.
You turn into a tree.
Your +0 helmet melds into your body.
Your +0 scale mail melds into your body.
Your roots penetrate the ground.
You feel sick.
You kill your butterfly!
Your butterfly disappears in a burst of colours!
You block the bullfrog's attack.
The ball python bites you but does no damage.
The ball python constricts you. The adder bites you but does no damage.
The bullfrog hits you but does no damage.
The adder bites you but does no damage.
The bullfrog hits you but does no damage.
You block the adder's attack.
The ball python bites you but does no damage. x2
The ball python constricts you.
* * * LOW HITPOINT WARNING * * *
It was a potion of heal wounds.
That seemed strangely inert.
You feel sick.
The bullfrog hits you but does no damage.
The adder bites you but does no damage.
The bullfrog hits you but does no damage.
The adder bites you.
* * * LOW HITPOINT WARNING * * *
You are more poisoned.
The adder poisons you! The adder bites you. You block the ball python's attack.
The bullfrog hits you but does no damage.
The ball python bites you but does no damage.
The ball python constricts you. The adder bites you but does no damage.
You slash the adder! You freeze the adder.
You kill the adder!
You die...

##......##+##......#
#§§§§§§## ##††....
##§☼§§§# ##....#
#§☼○§§§# #~≈≈~~~
#§§§§§§# #≈≈~~~≈
#☼§§§§§# #≈††≈≈≈
#≈~~~~☼# #~~≈≈≈≈
#≈SSF~☼# #~~≈≈≈≈
#S≈♣S≈☼# ##†...≈
#SS#F≈§# #≈..†..
#~JS≈≈☼# #≈....≈
#§§~☼§§# #≈≈≈~~~
#§§≈§○§# #≈≈≈≈~~
#☼§~§§§# #≈~~~~~
#☼§J§§○# #~≈~~≈≈
#§§~○§§# #≈~~~≈≈
#≈≈≈~≈~# #~~~≈≈≈


You could see 2 bullfrogs, 2 adders, an endoplasm and 4 ball pythons.

Vanquished Creatures
  8 adders
  5 river rats (Sewer)
  3 worms
  2 dart slugs (D:3)
  5 orcs (D:3)
  9 ball pythons
  4 endoplasms
  4 giant cockroaches
  2 goblins
  4 hobgoblins
  11 jackals
  4 kobolds
  5 bats
  27 rats
93 creatures vanquished.

Vanquished Creatures (collateral kills)
  A goblin (D:2)
  A hobgoblin (D:2)
  A rat (D:2)
3 creatures vanquished.

Grand Total: 96 creatures vanquished

Notes
Turn   | Place    | Note
-------+----------+-------------------------------------------
     0 | D:1      | promet the Vine Stalker Fighter began the quest for the
                  | Orb.
     0 | D:1      | Reached XP level 1. HP: 11/11 MP: 2/2
   355 | D:1      | Reached XP level 2. HP: 16/16 MP: 3/3
   359 | D:1      | Reached skill level 3 in Fighting
   739 | D:1      | Reached XP level 3. HP: 20/20 MP: 4/4
  2107 | D:2      | Found a runed translucent door.
  2108 | D:2      | Noticed Crazy Yiuf
  2299 | D:3      | Gained mutation: Your natural rate of healing is unusually
                  | fast. [Vine Stalker growth]
  2299 | D:3      | Reached XP level 4. HP: 24/24 MP: 5/5
  2313 | D:3      | Noticed Sigmund
  2490 | D:3      | Found a glowing drain.
  2540 | Sewer    | Entered a sewer
  2799 | Sewer    | Reached XP level 5. HP: 28/29 MP: 4/6
  3049 | Sewer    | Reached skill level 4 in Fighting
  3452 | Sewer    | HP: 1/43 [adder (2)]
  3453 | Sewer    | Succumbed to an adder's poison

Illustrated notes

Levels and vault maps discovered:
D:1:      saegor_arrival_simple_e, layout_basic
D:2:      layout_basic, uniq_crazy_yiuf_cottage
D:3:      layout_basic, nzn_wu_jian_contemplation, cheibrodos_sewer_entry_drain,
          uniq_sigmund
Sewer:    sewer_minmay_w

Skill      XL: |  1  2  3  4  5 |
---------------+----------------+-----
Fighting       | 3 4 |  4.3
Long Blades    | 2 |  2.8
Shields        | 3 |  3.4
Armour         | 3 |  3.1

Action                   |  1- 3 |  4- 6 || total
-------------------------+-------+-------++-------
Melee: Long sword        |    72 |   140 ||   212
       Bite              |    15 |    23 ||    38
Throw: Boomerang         |       |     8 ||     8
       Stone             |       |     6 ||     6
  Use: Scroll            |    10 |     4 ||    14
       Potion            |       |     4 ||     4
Armor: Scale mail        |    19 |    97 ||   116
       Skin              |       |    13 ||    13
Dodge: Dodged            |    34 |    78 ||   112
Block: Buckler           |    13 |    50 ||    63
